 Dungeon Crawl Stone Soup version 0.27-a0-249-g74f53ef629 (webtiles) character file.

Game seed: 4041071421111130336

142 lunkers the Gusty (level 4, -10/33 HPs)
             Began as a Demigod Air Elementalist on Feb 3, 2021.
             Killed from afar by a goblin (17 damage)
             ... with an iceblast
             ... on level 3 of the Dungeon.
             The game lasted 00:04:24 (3256 turns).

lunkers the Gusty (Demigod Air Elementalist)        Turns: 3256, Time: 00:04:25

Health: -10/33     AC:  2    Str: 11      XL:     4   Next: 74%
Magic:  10/11      EV: 12    Int: 21      God:
Gold:   206        SH:  0    Dex: 14 (16) Spells: 7/8 levels left

rFire    . . .     SeeInvis .   (no weapon)
rCold    . . .     Faith    .   (no shield)
rNeg     . . .     Spirit   .   a - +0 robe
rPois    .         Reflect  .   (no helmet)
rElec    .         Harm     .   (no cloak)
rCorr    .         Rampage  .   (no gloves)
Will     .....                  (no boots)
Stlth    ++........             (no amulet)
HPRegen  0.11/turn              (no ring)
MPRegen  0.12/turn              (no ring)

@: no status effects
A: high mp 1
a: no special abilities


You were on level 3 of the Dungeon.
You visited 1 branch of the dungeon, and saw 3 of its levels.

You collected 206 gold pieces.

Inventory:

Missiles
 g - 6 datura-tipped darts
Armour
 a - a +0 robe (worn)
Jewellery
 k - a cursed -4 ring of evasion {unknown}
Wands
 e - a wand of polymorph (8)
Scrolls
 c - 4 scrolls of identify {unknown}
 d - a scroll of remove curse {unknown}
 f - a scroll of immolation {unknown}
 h - a scroll of fear {unknown}
 j - a scroll of amnesia {unknown}
Potions
 b - 3 potions of curing {unknown}
 i - a potion of invisibility {unknown}
 l - a potion of might {unknown}


   Skills:
 - Level 1.7 Dodging
 - Level 1.7 Stealth
 + Level 2.8 Spellcasting
 - Level 0.8 Conjurations
 * Level 4.6 Air Magic


You had 7 spell levels left.
You knew the following spells:

 Your Spells              Type           Power        Failure   Level
a - Shock                 Conj/Air       56%          4%          1

Your spell library contained the following spells:

 Spells                   Type           Power        Failure   Level
 Swiftness                Air            22%          3%          2
 Static Discharge         Conj/Air       14%          13%         3
 Airstrike                Air            11%          21%         4
 Lightning Bolt           Conj/Air       7%           77%         5


Dungeon Overview and Level Annotations

Branches:
Dungeon (3/15)


Innate Abilities, Weirdness & Mutations

You have an increased reservoir of magic. (+10% MP)


Message History

Casting: Shock (safe; 4% risk of failure)
Confirm with . or Enter, or press ? or * to list all spells.
The zap hits the orc wizard.
The orc wizard is moderately wounded.
The orc wizard points at you and mumbles some strange words.
You resist with some effort.
The orc wizard gestures at itself while chanting.
The orc wizard flickers and vanishes!
Deactivating autopickup; reactivate with Ctrl-A.
Lua error: ...ter/crawl-git-74f53ef629/data/dat/clua/automagic.lua:202: Cannot currently process new keys (there is pending input)
The orc wizard points at you and mumbles some strange words.
The magic dart hits you!
* * * LOW HITPOINT WARNING * * *
The orc wizard casts a spell at you. The magic dart hits you!
* * * LOW HITPOINT WARNING * * *
The goblin shouts!
The goblin zaps a wand.
The mass of ice explodes!
The iceblast engulfs you!
Ouch! That really hurt!
You die...

.###.......# .
#.......#
#.....######
..##....##..!.##
[......##......##
.<##...†††......#
. #...#........#
#####........###
#......g.@.#
##......##.#
###....##..#
##.#######.##
........#..#
........†.##
..........#
..........#
.....o....#


You could see a goblin.

Vanquished Creatures
  7 adders
  An ooze (D:3)
  3 worms (D:2)
  5 dart slugs
  A leopard gecko (D:2)
  11 giant cockroaches
  5 hobgoblins
  4 kobolds
  A quokka (D:3)
  3 bats (D:1)
  6 frilled lizards
  5 goblins
  5 rats
57 creatures vanquished.

Vanquished Creatures (others)
  An adder (D:3)
1 creature vanquished.

Grand Total: 58 creatures vanquished

Notes
Turn   | Place    | Note
-------+----------+-------------------------------------------
     0 | D:1      | lunkers the Demigod Air Elementalist began the quest for
                  | the Orb.
     0 | D:1      | Reached XP level 1. HP: 14/14 MP: 5/5
   199 | D:1      | Reached skill level 3 in Air Magic
   375 | D:1      | Reached XP level 2. HP: 20/20 MP: 4/7
  1100 | D:1      | You fall into a shaft and drop 1 floor!
  1234 | D:2      | Reached XP level 3. HP: 17/26 MP: 0/9
  1339 | D:2      | HP: 1/26 [poisoned by an adder]
  1345 | D:2      | HP: 1/26 [poisoned by an adder]
  1736 | D:2      | Found a glowing golden altar of the Shining One.
  1739 | D:2      | Found an ornate altar of the Wu Jian Council.
  1742 | D:2      | Found a sparkling altar of Nemelex Xobeh.
  1745 | D:2      | Found a hazy altar of Hepliaklqana.
  2152 | D:2      | Reached skill level 4 in Air Magic
  2611 | D:2      | Reached XP level 4. HP: 33/33 MP: 3/10
  3256 | D:3      | Killed from afar by a goblin

Illustrated notes

Levels and vault maps discovered:
D:1:      dpeg_arrival_solitude, layout_basic, patterned_corridor
D:2:      minmay_inner_zag, layout_rooms, grunt_temple_overflow_cloverleaf,
          dk_noncrumbling_3
D:3:      minmay_roachtagon, layout_rooms, fiery_altar_vehumet,
          nemelex_dance_club_becter

Skill      XL: |  1  2  3 |
---------------+----------+-----
Spellcasting   | 2 |  2.8
Air Magic      | 3 4 |  4.6
Dodging        | |  1.7
Stealth        | |  1.7
Conjurations   | |  0.8

Action                   |  1- 3 |  4- 6 || total
-------------------------+-------+-------++-------
Melee: Unarmed           |    14 |     3 ||    17
 Cast: Shock             |   115 |    52 ||   167
  Use: Potion            |     3 |       ||     3
Armor: Robe              |     2 |     4 ||     6
Dodge: Dodged            |    29 |    15 ||    44

Table legend: (Time is in decaauts)
 A = Elapsed time spent in this place.
 B = Non-inter-level travel time spent in this place.
 C = Inter-level travel time spent in this place.
 D = Time resting spent in this place.
 E = Time spent auto-exploring this place.
 F = Levels seen in this place.
 G = Mean time per level.
                   A        B        C        D        E       F      G
               +--------+--------+--------+--------+--------+-----+--------+
         Total |   3243 |   3236 |      7 |    331 |   2531 |   3 | 1081.0 |
       Dungeon |   3243 |   3236 |      7 |    331 |   2531 |   3 | 1081.0 |
               +--------+--------+--------+--------+--------+-----+--------+

Top non-repeatable levels by time:
     D:2: 1701 daAuts
     D:1: 1100 daAuts
     D:3: 442 daAuts
